 Dungeon Sprint DCSS version 0.16-a0-4004-g8d6611c (webtiles) character file.

8900000 PolkaDot the Axe Maniac (level 26, -16/239 (242) HPs)
             Began as a Demonspawn Gladiator on Feb 15, 2015.
             Was the Champion of Makhleb.
             Killed from afar by a wretched soul (64 damage)
             ... with a bolt of negative energy
             ... in the Dungeon (Sprint VIII: "Arena of Blood").
             The game lasted 00:03:41 (89 turns).

PolkaDot the Axe Maniac (Demonspawn Gladiator)        Turns: 89, Time: 00:03:42

HP:   -16/239 (242) AC: 11    Str: 17    XL:     26   Next: 40%
MP:   0/49          EV: 36    Int: 11    God:    Makhleb [******]
Gold: 0             SH:  0    Dex: 23    Spells: 0 memorised, 79 levels left

rFire  . . .     SeeInvis .     k - +∞ Axe of Woe
rCold  + . .     Clarity  .     b - +0 leather armour
rNeg   . . .     SustAb   .     (no shield)
rPois  .         Gourm    .     c - +0 helmet
rElec  .         Spirit   +     (no cloak)
rCorr  .         Warding  .     (gloves unavailable)
rMut   .         NoTele   +     (no boots)
MR     +....                    (no amulet)
Stlth  +++++++++.               (no ring)
                                (no ring)

@: drained, somewhat resistant to hostile enchantments, incredibly stealthy
A: claws 3, slimy green scales 2, cold resistance 1, icemail, augmentation 3,
magic shield, magic regeneration, magic link, freezing cloud immunity
a: Minor Destruction, Lesser Servant of Makhleb, Major Destruction, Greater
Servant of Makhleb, Renounce Religion


You were in the Dungeon.
You worshipped Makhleb.
Makhleb was exalted by your worship.
You were not hungry.

You visited 1 branch

Inventory:

Hand weapons
 k - the +∞ Axe of Woe (weapon)
   (You found it in the Dungeon)
Missiles
 d - 3 throwing nets (quivered)
Armour
 b - a +0 leather armour (worn)
 c - a +0 helmet (worn)
Scrolls
 j - a scroll of blinking
Potions
 e - a potion of curing
 g - a potion of haste
 h - 2 potions of magic
 i - a potion of berserk rage
Comestibles
 a - a bread ration


   Skills:
 O Level 27(25.5) Fighting
 O Level 27(25.5) Axes
 O Level 27(25.5) Throwing
 O Level 27(25.5) Armour
 O Level 27(25.5) Dodging
 O Level 27(25.5) Stealth
 O Level 27(25.5) Unarmed Combat
 O Level 27(25.5) Spellcasting
 O Level 27(25.5) Invocations


You had 79 spell levels left.
You didn't know any spells.

Dungeon Overview and Level Annotations

Branches:
Dungeon (1/1)

Altars:
Makhleb


Innate Abilities, Weirdness & Mutations

You have claws for hands.
You are mostly covered in slimy green scales (AC +3).
Your flesh is cold resistant.
A meltable icy envelope protects you from harm and freezing vapours (AC +0).
Your magical and physical power is greatly enhanced at high health.
When hurt, damage is shared between your health and your magic reserves.
You regenerate magic rapidly.
When low on magic, you restore magic in place of health.
You are immune to freezing clouds.


Message History

You hear a shout! x9
The eight-headed meat hydra is engulfed in roaring flames.
You hear a shout!
Something completely misses you.
You hear a shout! x4
You hear a shout!
Something hits you but does no damage.
You hear a shout! x2
The eight-headed meat hydra calls on the powers of darkness!
The eight-headed meat hydra convulses!
The meat berserker convulses!
Your body is wracked with pain!
* * * LOW MAGIC WARNING * * *;
* * * LOW HITPOINT WARNING * * *
Something completely misses you.
You hear a shout! x3
A meat beast comes into view.
The meat beast rumbles deeply!
You hear a shout!
You hear a shout!
You hear a shout!
The bolt of negative energy hits you!
You feel drained.
* * * LOW MAGIC WARNING * * *
You die...

..#.......#.#.......
._#.)))).............
..#)))).)#.#.#........
.))))).)..............#
#.))...)).#.#.#..#....#
...###).)))..§2W#.....#
...#...)).)..§§).#....#
...#........))D§#.....#
..............O)@.....#
...o...#.2.#......##..#
...o.V#....#.....##
...##.....#.....#
.....#....##.
..###....#. .. ..#...
.. ... . ..# #


You could see 2 meat beasts, an eight-headed meat hydra, a dread and a meat
berserker (berserk).

Vanquished Creatures
  A greater mummy (D)
  A hell beast (D)
  3 hill giants (D)
  5 liches (D)
  23 ogres (D)
  46 orcs (D)
  2 skeletal warriors (D)
  11 vampire knights (D)
  2 wraiths (D)
  A tentacled monstrosity (D)
  2 large abominations (D)
97 creatures vanquished.

Notes
Turn   | Place    | Note
--------------------------------------------------------------
     0 | D        | PolkaDot, the Demonspawn Gladiator, began the quest for the Orb.
     0 | D        | Reached XP level 1. HP: 16/16 MP: 1/1
     3 | D        | Noticed a bag of meat
     4 | D        | Noticed a bag of meat
     4 | D        | Became a worshipper of Makhleb the Destroyer
     5 | D        | Noticed a bag of meat
     5 | D        | Noticed a bag of meat
     6 | D        | Noticed a bag of meat
     6 | D        | Noticed a meat berserker
     7 | D        | Noticed a meat berserker
     7 | D        | Noticed a meat berserker
     7 | D        | Killed a bag of meat
     7 | D        | Reached skill level 23 in Axes
     7 | D        | Gained mutation: When hurt, damage is shared between your health and your magic reserves. [demonic ancestry]
     7 | D        | Reached XP level 2. HP: 22/22 MP: 2/2
     7 | D        | Reached XP level 3. HP: 27/27 MP: 3/3
     7 | D        | Reached XP level 4. HP: 33/33 MP: 4/4
     7 | D        | Gained mutation: You regenerate magic rapidly. [demonic ancestry]
     7 | D        | Reached XP level 5. HP: 38/38 MP: 5/5
     7 | D        | Gained mutation: Your flesh is cold resistant. [demonic ancestry]
     7 | D        | Reached XP level 6. HP: 44/44 MP: 6/6
     7 | D        | Reached XP level 7. HP: 50/50 MP: 7/7
     7 | D        | Gained mutation: You have sharp fingernails. [demonic ancestry]
     7 | D        | Reached XP level 8. HP: 56/56 MP: 8/8
     7 | D        | Reached XP level 9. HP: 61/61 MP: 9/9
     7 | D        | Gained mutation: You have very sharp fingernails. [demonic ancestry]
     7 | D        | Reached XP level 10. HP: 67/67 MP: 10/10
     7 | D        | Reached XP level 11. HP: 72/72 MP: 11/11
     8 | D        | Noticed a bag of meat
     8 | D        | Noticed a meat berserker
     8 | D        | Killed a bag of meat
     8 | D        | Acquired Makhleb's first power
     8 | D        | Reached skill level 26 in Axes
     8 | D        | Gained mutation: You are partially covered in slimy green scales (AC +2). [demonic ancestry]
     8 | D        | Reached XP level 12. HP: 78/78 MP: 12/12
     9 | D        | Killed a bag of meat
     9 | D        | Reached skill level 27 in Axes
     9 | D        | Reached XP level 13. HP: 83/90 MP: 13/13
    10 | D        | Noticed a bag of meat
    10 | D        | Noticed a bag of meat
    10 | D        | Killed a meat berserker
    10 | D        | Acquired Makhleb's second power
    10 | D        | Reached skill level 5 in Throwing
    10 | D        | Reached skill level 10 in Unarmed Combat
    10 | D        | Killed a meat berserker
    10 | D        | Reached XP level 14. HP: 96/108 MP: 14/14
    11 | D        | Noticed a large bag of meat
    11 | D        | Killed a meat berserker
    11 | D        | Acquired Makhleb's third power
    11 | D        | Reached skill level 10 in Fighting
    11 | D        | Reached skill level 15 in Dodging
    11 | D        | Killed a meat berserker
    11 | D        | Reached XP level 15. HP: 113/119 MP: 15/15
    12 | D        | Noticed a bag of meat
    12 | D        | Noticed a bag of meat
    12 | D        | Noticed a bag of meat
    12 | D        | Killed a bag of meat
    12 | D        | Acquired Makhleb's fourth power
    13 | D        | Killed a bag of meat
    13 | D        | Reached skill level 10 in Throwing
    15 | D        | Noticed a bag of meat
    15 | D        | Noticed a bag of meat
    15 | D        | Noticed a bag of meat
    15 | D        | Killed a bag of meat
    15 | D        | Killed a bag of meat
    15 | D        | Gained mutation: You are mostly covered in slimy green scales (AC +3). [demonic ancestry]
    15 | D        | Reached XP level 16. HP: 132/134 MP: 16/16
    16 | D        | Noticed a bag of meat
    18 | D        | Noticed a bag of meat
    18 | D        | Killed a bag of meat
    18 | D        | Acquired Makhleb's fifth power
    18 | D        | Reached skill level 15 in Fighting
    18 | D        | Killed a bag of meat
    19 | D        | Killed a bag of meat
    20 | D        | Noticed a bag of meat
    20 | D        | Noticed a meat berserker
    20 | D        | Noticed a bag of meat
    20 | D        | Killed a large bag of meat
    20 | D        | Gained mutation: When low on magic, you restore magic in place of health. [demonic ancestry]
    20 | D        | Reached XP level 17. HP: 146/149 MP: 13/17
    21 | D        | Noticed a destroyer
    21 | D        | Killed a bag of meat
    22 | D        | Noticed a meat berserker
    22 | D        | Noticed a meat berserker
    22 | D        | Killed a bag of meat
    22 | D        | Killed a bag of meat
    23 | D        | Noticed a meat berserker
    23 | D        | Noticed a destroyer
    23 | D        | Noticed a destroyer
    23 | D        | Noticed a bag of meat
    24 | D        | Killed a bag of meat
    25 | D        | Noticed a bag of meat
    25 | D        | Noticed a meat berserker
    25 | D        | Killed a meat berserker
    25 | D        | Reached skill level 15 in Throwing
    25 | D        | Reached skill level 27 in Dodging
    25 | D        | Reached XP level 18. HP: 161/164 MP: 12/18
    25 | D        | Killed a bag of meat
    25 | D        | Reached skill level 1 in Armour
    25 | D        | Reached skill level 27 in Unarmed Combat
    25 | D        | Killed a bag of meat
    26 | D        | Noticed a bag of meat
    26 | D        | Killed a meat berserker
    27 | D        | Noticed a meat berserker
    27 | D        | Noticed a meat berserker
    27 | D        | Killed a meat berserker
    27 | D        | Killed a bag of meat
    27 | D        | Reached skill level 27 in Fighting
    27 | D        | Reached skill level 5 in Armour
    28 | D        | Noticed a meat berserker
    28 | D        | Killed a meat berserker
    28 | D        | Reached XP level 19. HP: 189/189 MP: 12/18
    29 | D        | Killed a destroyer
    29 | D        | Killed a meat berserker
    30 | D        | Noticed a bag of meat
    30 | D        | Killed a destroyer
    30 | D        | Noticed a destroyer
    31 | D        | Noticed a bag of meat
    31 | D        | Killed a meat berserker
    31 | D        | Reached skill level 27 in Throwing
    31 | D        | Killed a destroyer
    31 | D        | Killed a bag of meat
    31 | D        | Gained mutation: You are immune to freezing clouds. [demonic ancestry]
    31 | D        | Reached XP level 20. HP: 197/197 MP: 13/19
    32 | D        | Noticed a bag of meat
    32 | D        | Noticed a bag of meat
    32 | D        | Noticed a bag of meat
    33 | D        | Killed a meat berserker
    33 | D        | Killed a bag of meat
    33 | D        | Killed a bag of meat
    34 | D        | Noticed a meat berserker
    34 | D        | Killed a meat berserker
    34 | D        | Reached skill level 27 in Armour
    35 | D        | Noticed a bag of meat
    36 | D        | Noticed a bag of meat
    36 | D        | Noticed a bag of meat
    37 | D        | Noticed a sculptor of flesh
    37 | D        | Noticed a destroyer
    37 | D        | Killed a bag of meat
    37 | D        | Reached skill level 10 in Invocations
    38 | D        | Killed a meat berserker
    38 | D        | Reached skill level 10 in Spellcasting
    38 | D        | Killed a destroyer
    39 | D        | Noticed a bag of meat
    39 | D        | Killed a bag of meat
    39 | D        | Gained mutation: Your magical and physical power is slightly enhanced at high health. [demonic ancestry]
    39 | D        | Reached XP level 21. HP: 204/204 MP: 13/39
    40 | D        | Noticed a destroyer
    40 | D        | Killed a bag of meat
    40 | D        | Killed a bag of meat
    41 | D        | Noticed a meat berserker
    41 | D        | Killed a bag of meat
    41 | D        | Killed a bag of meat
    41 | D        | Killed a destroyer
    42 | D        | Noticed a meat berserker
    42 | D        | Noticed a destroyer
    42 | D        | Noticed a bag of meat
    43 | D        | Noticed a sculptor of flesh
    43 | D        | Killed a sculptor of flesh
    43 | D        | Killed a destroyer
    43 | D        | Reached skill level 27 in Invocations
    43 | D        | Killed a bag of meat
    43 | D        | Reached XP level 22. HP: 212/212 MP: 15/45
    45 | D        | Noticed a bag of meat
    45 | D        | Killed a bag of meat
    46 | D        | Noticed a bag of meat
    46 | D        | Killed a sculptor of flesh
    47 | D        | Killed a meat berserker
    47 | D        | Killed a bag of meat
    47 | D        | Reached skill level 27 in Stealth
    47 | D        | Killed a meat berserker
    47 | D        | Reached skill level 27 in Spellcasting
    48 | D        | Noticed a tyrant
    48 | D        | Noticed a destroyer
    48 | D        | Killed a tyrant
    49 | D        | Noticed a bag of meat
    49 | D        | Noticed an accursed
    49 | D        | Killed a bag of meat
    50 | D        | Noticed a meat berserker
    50 | D        | Noticed a bag of meat
    50 | D        | Noticed a bag of meat
    51 | D        | Killed a bag of meat
    51 | D        | Killed a bag of meat
    51 | D        | Gained mutation: You have claws for hands. [demonic ancestry]
    51 | D        | Reached XP level 23. HP: 219/219 MP: 19/48
    52 | D        | Noticed a tyrant
    52 | D        | Killed a destroyer
    52 | D        | Killed a destroyer
    54 | D        | Killed a bag of meat
    55 | D        | Noticed a destroyer
    55 | D        | Killed an accursed
    55 | D        | Killed a meat berserker
    56 | D        | Noticed a bag of meat
    56 | D        | Killed a bag of meat
    57 | D        | Noticed a tyrant
    58 | D        | Killed a bag of meat
    59 | D        | Noticed a bag of meat
    59 | D        | Noticed a destroyer
    60 | D        | Killed a tyrant
    61 | D        | Noticed a bag of meat
    61 | D        | Noticed a bag of meat
    61 | D        | Noticed a tyrant
    63 | D        | Noticed a meat berserker
    63 | D        | Noticed a meat berserker
    63 | D        | Killed a bag of meat
    64 | D        | Noticed a destroyer
    64 | D        | Noticed a large bag of meat
    65 | D        | Noticed a bag of meat
    65 | D        | Noticed a bag of meat
    65 | D        | Noticed a meat berserker
    65 | D        | Noticed a bag of meat
    66 | D        | Noticed a meat berserker
    66 | D        | Noticed a bag of meat
    66 | D        | Noticed a bag of meat
    66 | D        | Noticed a meat berserker
    66 | D        | Killed a destroyer
    66 | D        | Gained mutation: A meltable icy envelope protects you from harm and freezing vapours (AC +0). [demonic ancestry]
    66 | D        | Reached XP level 24. HP: 222/225 MP: 15/48
    67 | D        | Noticed a large bag of meat
    67 | D        | Noticed a meat berserker
    67 | D        | Killed a meat berserker
    67 | D        | Killed a meat berserker
    67 | D        | Killed a meat berserker
    68 | D        | Killed a tyrant
    68 | D        | Killed a tyrant
    68 | D        | Killed a destroyer
    69 | D        | Noticed a bag of meat
    69 | D        | Noticed a bag of meat
    69 | D        | Noticed a bag of meat
    69 | D        | Killed a meat berserker
    70 | D        | Noticed a tyrant
    71 | D        | Noticed a dread
    71 | D        | Killed a meat berserker
    72 | D        | Noticed a meat berserker
    72 | D        | Killed a large bag of meat
    72 | D        | Killed a bag of meat
    72 | D        | Gained mutation: Your magical and physical power is enhanced at high health. [demonic ancestry]
    72 | D        | Reached XP level 25. HP: 232/232 MP: 17/49
    72 | D        | Killed a bag of meat
    74 | D        | Noticed a bag of meat
    74 | D        | Noticed a dread
    74 | D        | Killed a meat berserker
    74 | D        | Killed a bag of meat
    74 | D        | Killed a bag of meat
    74 | D        | Killed a meat berserker
    75 | D        | Killed a dread
    75 | D        | Killed a bag of meat
    76 | D        | Killed a bag of meat
    77 | D        | Killed a bag of meat
    78 | D        | Noticed a dread
    78 | D        | Killed a large bag of meat
    78 | D        | Killed a bag of meat
    79 | D        | Killed a tyrant
    79 | D        | Gained mutation: Your magical and physical power is greatly enhanced at high health. [demonic ancestry]
    79 | D        | Reached XP level 26. HP: 239/239 MP: 10/49
    80 | D        | Killed a bag of meat
    81 | D        | Killed a destroyer
    82 | D        | Noticed a meat beast
    84 | D        | Killed a bag of meat
    84 | D        | Killed a dread
    85 | D        | Noticed a meat berserker
    86 | D        | Killed a meat beast
    89 | D        | Noticed a meat beast
    89 | D        | Killed from afar by a wretched soul

Action                   |  1- 3 |  4- 6 |  7- 9 | 10-12 | 13-15 | 16-18 | 19-21 | 22-24 | 25-27 || total
-------------------------+-------+-------+-------+-------+-------+-------+-------+-------+-------++-------
Melee: Executioner's axe |     1 |       |       |     2 |     5 |    10 |    11 |    19 |    10 ||    58
  Use: Potion            |       |       |       |       |       |       |       |       |     1 ||     1
 Stab: Distracted        |       |       |       |       |       |       |       |     1 |       ||     1
